Map: Frozen Temple

Players

Has

  • Race: Protoss Protoss

MaNa - Winner!

  • Race: Protoss Protoss

Event: 2016 WCS Summer Circuit Championship (DH Montreal)

VOD

https://www.youtube.com/watch?v=ekxPk4Qq2qE

Description

Time

  • Played on: Aug. 12, 2016, 11:28 a.m.
  • Length: 8:08

All games in this series

Show
View Real Time Build Order
Export as new Build Order

Has Protoss 

Build Orders: Oracle Opening 

Get SALT Encoding   

  12  0:00  Probe (Chrono Boost)  
  13  0:12  Probe (Chrono Boost)  
  14  0:17  Pylon  
  14  0:22  Probe (Chrono Boost)  
  15  0:35  Probe (Chrono Boost)  
  16  0:36  Gateway  
  16  0:46  Probe (Chrono Boost)  
  16  0:47  Assimilator  
  17  0:52  Assimilator  
  17  0:56  Probe (Chrono Boost)  
  18  1:04  Gateway  
  18  1:07  Probe (Chrono Boost)  
  19  1:17  Probe (Chrono Boost)  
  20  1:23  Cybernetics Core  
  20  1:28  Probe (Chrono Boost)  
  20  1:32  Pylon  
  21  1:38  Probe (Chrono Boost)  
  22  1:46  Warp Gate  
  22  1:49  Probe (Chrono Boost)  
  23  1:59  Stalker x2  
  29  2:11  Mothership Core (Chrono Boost)  
  29  2:15  Pylon  
  29  2:29  Stalker  
  31  2:32  Stalker  
  33  2:38  Pylon  
  33  2:50  Stargate  
  33  3:03  Stalker  
  35  3:07  Gateway  
  35  3:13  Stalker  
  37  3:21  Pylon  
  36  3:32  Oracle  
  31  4:01  Stalker x2, Pylon  
  35  4:04  Stalker  
  37  4:24  Stalker x2  
  37  4:28  Adept  
  39  4:48  Adept x2  
  39  4:49  Adept  
  45  5:10  Stalker  
  45  5:11  Stalker x2  
  41  5:34  Zealot x3  
  34  5:54  Stalker x3  
  34  5:59  Oracle  
  35  6:17  Stalker  
  35  6:18  Zealot  
  35  6:21  Zealot  
  39  6:39  Stalker  
  41  6:45  Stalker x2  
  45  7:00  Probe (Chrono Boost)  
  46  7:03  Zealot  
  48  7:10  Stalker x2  
  48  7:27  Stalker  
  42  7:33  Stalker  
  42  7:35  Stalker  
  37  7:56  Stalker x2  
Show
View Real Time Build Order
Export as new Build Order

MaNa Protoss - Winner!

Build Orders:  

Get SALT Encoding   

  12  0:00  Probe (Chrono Boost)  
  13  0:11  Probe (Chrono Boost)  
  14  0:17  Pylon  
  14  0:22  Probe (Chrono Boost)  
  15  0:36  Probe (Chrono Boost)  
  15  0:37  Gateway  
  16  0:43  Assimilator  
  16  0:46  Probe (Chrono Boost)  
  18  0:57  Probe (Chrono Boost)  
  18  0:58  Assimilator  
  18  1:04  Gateway  
  18  1:07  Probe (Chrono Boost)  
  19  1:18  Probe (Chrono Boost)  
  20  1:24  Cybernetics Core  
  20  1:28  Probe (Chrono Boost)  
  20  1:31  Pylon  
  21  1:39  Probe (Chrono Boost)  
  22  1:50  Probe (Chrono Boost)  
  23  2:02  Mothership Core (Chrono Boost)  
  23  2:03  Warp Gate  
  25  2:13  Nexus  
  25  2:20  Stalker  
  27  2:26  Stalker  
  29  2:37  Pylon  
  29  2:50  Stalker  
  31  2:57  Probe (Chrono Boost)  
  32  2:59  Stalker  
  34  3:09  Probe (Chrono Boost)  
  35  3:16  Robotics Facility  
  35  3:28  Stalker  
  35  3:31  Stalker  
  35  3:58  Gateway  
  35  3:59  Mothership Core (Chrono Boost)  
  37  4:07  Stalker  
  37  4:09  Stalker  
  41  4:18  Immortal  
  45  4:32  Adept  
  46  4:40  Stalker  
  46  4:53  Stalker x2  
  50  5:01  Adept  
  50  5:03  Pylon  
  52  5:15  Sentry  
  44  5:30  Stalker x2  
  44  5:36  Stalker  
  42  5:53  Adept  
  42  5:55  Adept  
  42  5:57  Adept  
  44  6:00  Probe x2 (Chrono Boost)  
  46  6:06  Immortal  
  44  6:17  Stalker  
  46  6:29  Stalker  
  46  6:31  Adept  
  50  6:37  Probe x2 (Chrono Boost)  
  52  6:47  Probe (Chrono Boost), Adept  
  54  6:49  Probe (Chrono Boost)  
  54  6:53  Sentry  
  58  6:58  Probe (Chrono Boost)  
  58  7:00  Adept  
  62  7:01  Probe (Chrono Boost)  
  62  7:12  Pylon  
  62  7:21  Immortal  
  58  7:28  Stalker  
  60  7:32  Probe (Chrono Boost)  
  60  7:34  Probe (Chrono Boost)  
  60  7:35  Stalker  
  56  7:52  Stalker  
  56  7:54  Stalker  
Tags
 
Add a new tag
Caveats
  • Supply blocks, unpowered buildings, or Contaminate may cause inaccurate times.
  • Supply counts are checked every 10 seconds.